 Dungeon Crawl Stone Soup version 0.32-a0-427-g448f42529f (webtiles) character file.

Game seed: 4707162024488212305

12811 Gargoyl the Cleaver (level 11, 0/71 HPs)
             Began as a Gargoyle Berserker on Feb 22, 2024.
             Was an Elder of Trog.
             Slain by a freezing wraith (23 damage)
             ... on level 11 of the Dungeon.
             The game lasted 00:16:40 (10116 turns).

Gargoyl the Cleaver (Gargoyle Berserker)           Turns: 10116, Time: 00:16:41

Health: 0/71       AC: 24    Str: 25    XL:     11   Next: 99%
Magic:  11/11      EV: 10    Int:  7    God:    Trog [****..]
Gold:   403        SH:  5    Dex: 13    Spells: 10/10 levels left

rFire   + . .        R - +7 war axe of Qazaol {heavy, rF+ Str+3}
rCold   . . .        G - +0 buckler of Roabb {Regen+}
rNeg    + . .        p - +0 chain mail
rPois   ∞            (no helmet)
rElec   +            L - +0 cloak
rCorr   .            l - +0 pair of gloves
SInv    +            a - +0 pair of boots
Will    .....        B - amulet of regeneration Stlth
                     j - +4 ring of slaying
HPRegen 1.91/turn    n - ring of see invisible
MPRegen 0.12/turn

%: no passive effects
@: slowed, very slow
A: sickness immunity, AC +8, negative energy resistance 1, electricity
resistance, torment resistance 1, petrification resistance
a: Renounce Religion, Berserk, Trog's Hand, Brothers in Arms


You were on level 11 of the Dungeon.
You worshipped Trog.
Trog was greatly pleased with you.
You visited 1 branch of the dungeon, and saw 12 of its levels.
You also visited: Sewer and Bailey.

You collected 565 gold pieces.
You spent 162 gold pieces at shops.

Inventory:

Hand Weapons
 d - a +0 spear
 y - a +0 hand axe of venom
 D - a +2 hand axe of electrocution
 F - a +0 broad axe
 R - the +7 war axe of Qazaol (weapon) {heavy, rF+ Str+3}
   (You found it on level 8 of the Dungeon)

   Str+3:     It affects your strength (+3).
   rF+:       It protects you from fire.
Missiles
 o - 6 curare-tipped darts (quivered)
 O - 7 poisoned darts
 S - a throwing net
Armour
 a - a +0 pair of boots (worn)
 l - a +0 pair of gloves (worn)
 p - a +0 chain mail (worn)
 G - the +0 buckler of Roabb (worn) {Regen+}
   (You acquired it in a bailey)

   Regen+:    It increases your rate of health regeneration.
 L - a +0 cloak (worn)
Jewellery
 j - a +4 ring of slaying (left hand)
 n - a ring of see invisible (right hand)
 q - a +4 ring of protection
 B - an amulet of regeneration (around neck)
 J - a ring of protection from cold
 Q - a ring of protection from cold
Wands
 E - a wand of polymorph (7)
 K - a wand of paralysis (5)
 P - a wand of iceblast (13)
 U - a wand of quicksilver (7)
Scrolls
 b - 9 scrolls of identify
 e - 3 scrolls of teleportation
 f - 2 scrolls of fog
 g - a scroll of vulnerability {unknown}
 m - a scroll of torment {unknown}
 t - a scroll of amnesia {unknown}
 w - 4 scrolls of enchant armour {unknown}
 x - a scroll of revelation
 A - 2 scrolls of noise {unknown}
 H - 2 scrolls of brand weapon
 N - 3 scrolls of blinking {unknown}
Potions
 c - 3 potions of curing
 h - 5 potions of heal wounds
 i - 5 potions of attraction {unknown}
 k - a potion of brilliance {unknown}
 r - a potion of berserk rage {unknown}
 s - 2 potions of haste {unknown}
 u - 2 potions of magic {unknown}
 v - a potion of mutation
 z - 2 potions of degeneration {unknown}
 C - 4 potions of invisibility {unknown}
 I - a potion of might {unknown}
 M - 2 potions of enlightenment {unknown}
 T - a potion of lignification {unknown}


   Skills:
 + Level 9.3 Fighting
 + Level 11.8 Axes
 + Level 1.3 Throwing
 + Level 10.1 Armour
 + Level 4.6 Dodging
 + Level 2.6 Stealth
 + Level 4.7 Shields


You had 10 spell levels left.
You didn't know any spells.
Your spell library was empty.

Dungeon Overview and Level Annotations

Branches:
Dungeon (12/15)            Temple (0/1) D:7            Lair (0/5) D:11
    Orc (0/2) D:10          Sewer (visited)          Bailey (visited)

Altars:
Ashenzari
Fedhas
Kikubaaqudgha
Makhleb
Ru
Xom
Yredelemnul
Zin

Shops:
D:5 *?

Annotations:
D:11 3 runed translucent doors


Innate Abilities, Weirdness & Mutations

You are immune to sickness and miasma.
Your stone body is resilient. (AC +8)
You are immune to poison.
You resist negative energy. (rN+)
You are resistant to electric shocks. (rElec)
You are resistant to unholy torment.
You are immune to petrification.


Message History

You barely miss the white imp.
You hit the freezing wraith but do no damage.
The freezing wraith barely misses you. The freezing wraith hits you.
The freezing wraith drains your vigour!
You feel yourself slow down. The freezing wraith hits you!
The freezing wraith freezes you! The freezing wraith hits you.
The freezing wraith drains your vigour!
You feel as though you will be slow longer.
You slice the freezing wraith!!
The freezing wraith is heavily damaged.
You hit the freezing wraith. The freezing wraith barely misses you.
The freezing wraith closely misses you.
The freezing wraith hits you but does no damage. x3
The freezing wraith hits you. The freezing wraith drains your vigour!
You feel as though you will be slow longer.
The freezing wraith closely misses you. The freezing wraith hits you.
The freezing wraith drains your vigour!
You feel as though you will be slow longer.
You completely miss the freezing wraith.
The freezing wraith is heavily damaged.
You slice the freezing wraith!! You slash the ice devil!
The ice devil splashes around in the water.
The freezing wraith hits you. The freezing wraith freezes you!
The freezing wraith hits you. The freezing wraith drains your vigour!
You feel as though you will be slow longer.
The white imp disappears for a moment.
You block the freezing wraith's attack.
The freezing wraith hits you but does no damage.
The ice devil hits you. The ice devil freezes you!!
* * * LOW HITPOINT WARNING * * *
The freezing wraith hits you but does no damage. x2
The freezing wraith closely misses you.
The freezing wraith hits you but does no damage.
Okay, then.
Okay, then.
It was a potion of heal wounds.
You feel much better.
The ice devil splashes around in the water.
The freezing wraith hits you but does no damage.
You block the freezing wraith's attack. The freezing wraith hits you.
The freezing wraith freezes you!!
You die...

.............[.#...######
..#######.######...# ..#
####....##### .## ###...
......### ## ......
........ ...#~)#......
#..~ ~~#5.# #..~####4WW#
.# ...##..#~~##~@.##...~
#........#~~#......#
....................~
+#######..........######
.......####''''####.
....................
##.......>.........#
#.................#
#.................#


You could see an ice devil, 2 freezing wraiths and a white imp.

Vanquished Creatures
  A boulder beetle (D:11)
  3 two-headed ogres
  Pikel (D:5)
  2 ugly things
  2 orc knights (Bailey)
  2 oklob plants (D:11)
  A gargoyle (D:11)
  Joseph (D:8)
  4 kobold demonologists
  An ice devil (D:11)
  2 trolls
  Sigmund (D:6)
  A shadow (D:11)
  A vampire (D:12)
  A hog (Sewer)
  3 steam dragons
  An ice beast (D:7)
  7 orc warriors
  2 black bears
  An ogre (D:5)
  A crocodile (Sewer)
  2 centaurs
  2 phantoms
  3 lemures (D:5)
  4 kobold brigands
  3 bullfrogs
  A gnoll sergeant (D:9)
  12 wights (D:7)
  4 electric eels
  A howler monkey (D:8)
  Crazy Yiuf (D:6)
  A bombardier beetle (D:6)
  3 hounds
  A jelly (D:4)
  6 orc priests
  2 gnoll boudas
  2 iguanas
  Terence (D:2)
  10 orc wizards
  17 gnolls
  16 adders
  A shadow imp (D:7)
  6 white imps
  2 ribbon worms (Sewer)
  2 dart slugs
  40 orcs
  12 ball pythons
  7 bats
  7 endoplasms
  10 giant cockroaches
  19 goblins
  11 hobgoblins
  15 jackals
  4 quokkas
  A frilled lizard (D:3)
  10 kobolds
  6 rats
284 creatures vanquished.

Vanquished Creatures (collateral kills)
  3 gnolls (D:7)
  An orc (D:7)
4 creatures vanquished.

Vanquished Creatures (others)
  A human (D:4)
1 creature vanquished.

Grand Total: 289 creatures vanquished

Notes
Turn   | Place    | Note
-------+----------+-------------------------------------------
     0 | D:1      | Gargoyl the Gargoyle Berserker began the quest for the Orb.
     0 | D:1      | Reached XP level 1. HP: 14/14 MP: 1/1
    44 | D:1      | Reached XP level 2. HP: 19/19 MP: 2/2
    63 | D:1      | Reached skill level 3 in Axes
   212 | D:1      | Reached XP level 3. HP: 20/24 MP: 3/3
   929 | D:2      | Noticed Terence
   941 | D:2      | Killed Terence
   942 | D:2      | Reached XP level 4. HP: 21/29 MP: 4/4
  1217 | D:2      | Reached skill level 4 in Axes
  1306 | D:2      | Reached XP level 5. HP: 29/33 MP: 5/5
  1369 | D:2      | Found a faded altar of an unknown god.
  1637 | D:3      | Reached ** piety under Trog
  1997 | D:3      | Reached XP level 6. HP: 34/38 MP: 6/6
  2553 | D:4      | Noticed a black bear
  2554 | D:4      | Found a blossoming altar of Fedhas.
  2576 | D:4      | Killed a black bear
  2681 | D:4      | Found a glowing drain.
  2713 | Sewer    | Entered a sewer
  2789 | Sewer    | Reached *** piety under Trog
  2790 | Sewer    | Reached skill level 5 in Axes
  2943 | Sewer    | Reached XP level 7. HP: 44/44 MP: 7/7
  2969 | Sewer    | a kobold brigand changed into a hog
  2969 | Sewer    | Noticed a hog
  2978 | Sewer    | Killed a hog
  2979 | Sewer    | Reached skill level 5 in Fighting
  2979 | Sewer    | Reached skill level 1 in Stealth
  3125 | D:4      | Identified the +8 spear of Fakuscho {flame, Dex+2 Stlth+}
  3135 | D:4      | Found a shimmering altar of Xom.
  3244 | D:4      | Found an ancient bone altar of Kikubaaqudgha.
  3245 | D:4      | Noticed a human
  3248 | D:4      | Killed a human
  3363 | D:4      | Reached skill level 6 in Axes
  3670 | D:5      | Entered Level 5 of the Dungeon
  3686 | D:5      | Reached XP level 8. HP: 48/49 MP: 8/8
  3941 | D:5      | Noticed Pikel
  3957 | D:5      | Killed Pikel
  3958 | D:5      | Reached skill level 7 in Axes
  3958 | D:5      | Reached skill level 5 in Armour
  4520 | D:5      | Reached XP level 9. HP: 42/55 MP: 9/9
  4569 | D:5      | Found Olaen's Magic Scroll Shoppe.
  4574 | D:5      | Bought a scroll of fear for 48 gold pieces
  4574 | D:5      | Bought a scroll of brand weapon for 114 gold pieces
  4587 | D:5      | Found Dull's Serpentskin Sales.
  5015 | D:6      | Reached skill level 8 in Axes
  5159 | D:6      | Noticed Sigmund
  5166 | D:6      | Killed Sigmund
  5741 | D:6      | Found a runed translucent door.
  5742 | D:6      | Noticed Crazy Yiuf
  5757 | D:6      | Killed Crazy Yiuf
  5867 | D:7      | Reached **** piety under Trog
  5937 | D:7      | Reached skill level 1 in Shields
  6066 | D:7      | Reached skill level 9 in Axes
  6105 | D:7      | Reached XP level 10. HP: 63/63 MP: 10/10
  6690 | D:7      | Found a staircase to the Ecumenical Temple.
  6779 | D:8      | Noticed Joseph
  6802 | D:8      | Killed Joseph
  6835 | D:8      | Found a burning altar of Makhleb.
  6877 | D:8      | Found a broken altar of Ashenzari.
  6976 | D:8      | Identified the +7 war axe of Qazaol {heavy, rF+ Str+3}
  6977 | D:8      | Found a flagged portal.
  6989 | Bailey   | Entered a bailey
  7030 | Bailey   | Noticed an orc knight
  7048 | Bailey   | Killed an orc knight
  7049 | Bailey   | Reached skill level 10 in Axes
  7059 | Bailey   | Noticed an orc knight
  7107 | Bailey   | Killed an orc knight
  7162 | Bailey   | Noticed a kobold demonologist
  7167 | Bailey   | Noticed an orange demon
  7171 | Bailey   | Noticed a smoke demon
  7179 | Bailey   | Killed a kobold demonologist
  7214 | Bailey   | Acquired the +0 buckler of Roabb {Regen+}
  7247 | Bailey   | Reached skill level 1 in Throwing
  7441 | Bailey   | Found an iron altar of Okawaru.
  7443 | Bailey   | Noticed a kobold demonologist
  7455 | Bailey   | Killed a kobold demonologist
  7787 | D:8      | Found a sacrificial altar of Ru.
  8086 | D:8      | Reached ***** piety under Trog
  8224 | D:8      | Found a basalt altar of Yredelemnul.
  8224 | D:8      | Found a glowing silver altar of Zin.
  8398 | D:9      | Noticed a two-headed ogre
  8406 | D:9      | Killed a two-headed ogre
  8407 | D:9      | Reached XP level 11. HP: 68/68 MP: 11/11
  8614 | D:9      | Noticed a two-headed ogre
  8626 | D:9      | Killed a two-headed ogre
  8650 | D:9      | Noticed a brown ugly thing
  8668 | D:9      | Killed a brown ugly thing
  8669 | D:9      | Reached skill level 11 in Axes
  8703 | D:10     | Entered Level 10 of the Dungeon
  8725 | D:10     | Found a staircase to the Orcish Mines.
  8843 | D:10     | Noticed a white ugly thing
  8858 | D:10     | Killed a white ugly thing
  9262 | D:11     | Found a runed translucent gate.
  9262 | D:11     | Found a runed translucent gate.
  9262 | D:11     | Found a runed translucent gate.
  9262 | D:11     | Noticed a red ugly thing
  9262 | D:11     | Noticed a white ugly thing
  9263 | D:11     | Noticed a red ugly thing
  9263 | D:11     | Noticed a red ugly thing
  9263 | D:11     | Noticed a red ugly thing
  9272 | D:11     | Noticed a boulder beetle
  9290 | D:11     | Killed a boulder beetle
  9419 | D:11     | Found a staircase to the Lair.
  9420 | D:11     | Noticed an oklob plant
  9421 | D:11     | Noticed an oklob plant
  9444 | D:11     | Killed an oklob plant
  9612 | D:11     | Killed an oklob plant
  9665 | D:11     | Noticed a two-headed ogre
  9666 | D:11     | Noticed a sun demon
  9672 | D:11     | Noticed a sun demon
  9704 | D:11     | Killed a two-headed ogre
  9906 | D:11     | Reached skill level 10 in Armour
 10111 | D:11     | Found the +8 frozen axe "Frostbite" {freeze, freezing
                  | cloud, *Noise Fly rC+}
 10115 | D:11     | HP: 2/71 [ice devil (21)]
 10116 | D:11     | Slain by a freezing wraith

Illustrated notes

Levels and vault maps discovered:
D:1:      kennysheep_arrival_forest, layout_basic
D:2:      minmay_skewed_foursquare, layout_loops_cross,
          ebering_ecumenical_altar_hall, uniq_terence
D:3:      layout_basic, minmay_misc_feat_cross
D:4:      layout_basic, lemuel_crystal_altar, tgw_kikubaaqudgha,
          mainiacjoe_overflow_paths, portal_sewer_entry_f
D:5:      layout_cave_pools, serial_shops, shop, guppyfry_shop_venom, uniq_pikel
D:6:      layout_layer_cave, uniq_crazy_yiuf_cottage, uniq_sigmund
D:7:      layout_cave_pods, minmay_temple_entry_fiery
D:8:      layout_basic, nicolae_ru_sacrificial_ziggurat, lemuel_tele_altar,
          old_standard_altar, gammafunk_temple_overflow_wave, enter_bailey_2,
          uniq_joseph
D:9:      layout_roguey, minmay_misc_feat_square
D:10:     layout_cave_pools, orc_0_dummy
D:11:     layout_irregular_city, dpeg_oklobed_lair,
          ploomutoo_gammafunk_ghost_potion_laboratory,
          hellmonk_guarded_unrand_frostbite
D:12:     layout_big_octagon, gammafunk_ghost_mausoleum

Skill      XL: |  1  2  3  4  5  6  7  8  9 10 11 |
---------------+----------------------------------+-----
Axes           | 3 4 5 6 7 9 10 11 | 11.8
Dodging        | 2 3 4 |  4.6
Fighting       | 4 5 6 7 8 9 |  9.3
Armour         | 3 4 5 7 8 10 | 10.1
Stealth        | 1 2 |  2.6
Shields        | 1 3 4 |  4.7
Throwing       | 1 |  1.3

Action                     |  1- 3 |  4- 6 |  7- 9 | 10-12 || total
---------------------------+-------+-------+-------+-------++-------
  Melee: Hand axe          |    80 |   210 |   317 |   342 ||   949
         War axe           |       |       |       |    23 ||    23
  Throw: Dart              |       |       |     2 |     4 ||     6
 Invoke: Berserk           |     1 |     2 |     7 |     9 ||    19
         Trog's Hand       |       |     2 |     4 |     2 ||     8
         Brothers in Arms  |       |       |     1 |       ||     1
    Use: Scroll            |       |     4 |     4 |     2 ||    10
         Potion            |       |       |       |     2 ||     2
   Stab: Paralysed         |       |     1 |       |       ||     1
 Armour: Animal skin       |    75 |       |       |       ||    75
         Scale mail        |       |    79 |       |       ||    79
         Chain mail        |       |    91 |   289 |   308 ||   688
  Dodge: Dodged            |    84 |   149 |   155 |   150 ||   538
  Block: Buckler           |       |       |    18 |    68 ||    86

Table legend: (Time is in decaauts)
 A = Elapsed time spent in this place.
 B = Non-inter-level travel time spent in this place.
 C = Inter-level travel time spent in this place.
 D = Time resting spent in this place.
 E = Time spent auto-exploring this place.
 F = Levels seen in this place.
 G = Mean time per level.
                   A        B        C        D        E       F      G
               +--------+--------+--------+--------+--------+-----+--------+
         Total |  10346 |  10130 |    216 |    540 |   6900 |  14 |  739.0 |
       Dungeon |   9213 |   8997 |    216 |    499 |   6326 |  12 |  767.8 |
         Sewer |    432 |    432 |      0 |      0 |    214 |   1 |  432.0 |
        Bailey |    700 |    700 |      0 |     41 |    360 |   1 |  700.0 |
               +--------+--------+--------+--------+--------+-----+--------+

Top non-repeatable levels by time:
     D:6: 1095 daAuts
     D:5: 1064 daAuts
     D:7: 1007 daAuts
     D:2: 915 daAuts
     D:1: 895 daAuts
     D:4: 826 daAuts
     D:8: 804 daAuts
     D:3: 725 daAuts
    D:11: 706 daAuts
  Bailey: 700 daAuts
    D:10: 553 daAuts
     D:9: 459 daAuts
   Sewer: 432 daAuts
    D:12: 160 daAuts
